 Dungeon Crawl Stone Soup version 0.28-a0-1555-g9ae15a6949 (webtiles) character file.

Game seed: 9517659142248570630

8 knot the Chopper (level 2, 19/24 HPs)
             Began as a Demonspawn Berserker on Jan 18, 2022.
             Was a Follower of Trog.
             Quit the game on level 1 of the Dungeon.
             The game lasted 00:00:13 (225 turns).

knot the Chopper (Demonspawn Berserker)              Turns: 225, Time: 00:00:13

Health: 19/24      AC:  2    Str: 17    XL:     2   Next: 0%
Magic:  2/2        EV: 12    Int:  8    God:    Trog [*.....]
Gold:   13         SH:  0    Dex: 12    Spells: 1/1 levels left

rFire   . . .      SeeInvis .   a - +0 hand axe
rCold   . . .      Faith    .   (no shield)
rNeg    . . .      Spirit   .   b - +0 animal skin
rPois   .          Reflect  .   (no helmet)
rElec   .          Harm     .   (no cloak)
rCorr   .          Rampage  .   (no gloves)
Will    .....                   (no boots)
Stlth   +.........              (no amulet)
HPRegen 0.08/turn               (no ring)
MPRegen 0.08/turn               (no ring)

@: no status effects
A: spiny 1
a: Renounce Religion, Berserk


You were on level 1 of the Dungeon.
You worshipped Trog.
Trog was aware of your devotion.
You visited 1 branch of the dungeon, and saw 1 of its levels.

You collected 13 gold pieces.

Inventory:

Hand Weapons
 a - a +0 hand axe (weapon)
Armour
 b - a +0 animal skin (worn)
Jewellery
 c - a +4 ring of evasion
 d - an amulet of guardian spirit
Scrolls
 e - a scroll of teleportation {unknown}


   Skills:
 - Level 3.0 Fighting
 + Level 3.2 Axes
 - Level 1.7 Armour
 - Level 1.7 Dodging


You had one spell level left.
You didn't know any spells.
Your spell library was empty.

Dungeon Overview and Level Annotations

Branches:
Dungeon (1/15)

Altars:


Innate Abilities, Weirdness & Mutations

You are partially covered in sharp spines.


Message History

No target in view!
No target in view!
Found a stone staircase leading down.
No target in view!
You now have 9 gold pieces.
Found a spear.
An endoplasm comes into view.
The endoplasm quivers.
You hit the endoplasm but do no damage.
The endoplasm hits you but does no damage.
You slash the endoplasm!
You kill the endoplasm!
Trog accepts your kill.
You see here a +0 spear.
d - an amulet of guardian spirit No target in view!
No target in view!
There is a stone staircase leading down here.
You now have 13 gold pieces (gained 4).
e - a scroll labelled EDECAG NEXKAIH Key pressed, stopping explore.
No target in view!
No target in view!
No target in view!
No target in view!
An endoplasm comes into view.
An endoplasm is nearby!
The endoplasm quivers.
The endoplasm jiggles.
You hit the endoplasm.
The endoplasm is severely wounded.
The endoplasm freezes you.
You are frozen.
You hit the endoplasm.
You kill the endoplasm!
Trog accepts your kill.
You have reached level 2!
Your demonic ancestry asserts itself...
Sharp spines emerge from parts of your body.
Are you sure you want to abandon this character and quit the game? (Confirm with "yes".)

..##.............#
#..#.............#
...#
#..##...........##
.... #..###.........##
...# #..# ##.......##
...#
...#######.#######...#
........#...#........#
.........#.#.........#
..........#.....@....#
.##...#.......########
.##...##.....##
.##...###.....#
.##.......###.#
.##...##### #.#
.##...# #.# #######
#.# #.#


There were no monsters in sight!

Vanquished Creatures
  A ball python (D:1)
  3 endoplasms (D:1)
  A hobgoblin (D:1)
  A bat (D:1)
  A rat (D:1)
7 creatures vanquished.

Notes
Turn   | Place    | Note
-------+----------+-------------------------------------------
     0 | D:1      | knot the Demonspawn Berserker began the quest for the Orb.
     0 | D:1      | Reached XP level 1. HP: 18/18 MP: 1/1
   225 | D:1      | Gained mutation: You are partially covered in sharp spines.
                  | [demonic ancestry]
   225 | D:1      | Reached XP level 2. HP: 19/24 MP: 2/2
   225 | D:1      | Quit the game

Illustrated notes

Levels and vault maps discovered:
D:1:      psy_arrival_dodecagon, layout_basic, hex_large

Skill      XL: |  1 |
---------------+----+-----
Axes           | 3 |  3.2
Fighting       | |  3.0
Armour         | |  1.7
Dodging        | |  1.7

Action                   || total
-------------------------++-------
Melee: Hand axe          ||    12
Armor: Animal skin       ||     7
Dodge: Dodged            ||     8

Table legend: (Time is in decaauts)
 A = Elapsed time spent in this place.
 B = Non-inter-level travel time spent in this place.
 C = Inter-level travel time spent in this place.
 D = Time resting spent in this place.
 E = Time spent auto-exploring this place.
 F = Levels seen in this place.
 G = Mean time per level.
                   A        B        C        D        E       F      G
               +--------+--------+--------+--------+--------+-----+--------+
         Total |    226 |    226 |      0 |      0 |    187 |   1 |  226.0 |
       Dungeon |    226 |    226 |      0 |      0 |    187 |   1 |  226.0 |
               +--------+--------+--------+--------+--------+-----+--------+

Top non-repeatable levels by time:
     D:1: 226 daAuts
